 Dungeon Crawl Stone Soup version 0.30-a0-953-g5f1da4a474 (webtiles) character file.

Game seed: 10782717430102822893

2596 Jackthecabe the Covert (level 9, 0/49 HPs)
             Began as a Vine Stalker Brigand on Mar 28, 2023.
             Was a Priest of Uskayaw.
             Slain by an orc
             ... wielding a +0 war axe
              (1 damage)
             ... in a bailey.
             The game lasted 00:15:08 (5964 turns).

Jackthecabe the Covert (Vine Stalker Brigand)       Turns: 5964, Time: 00:15:09

Health: 0/49       AC:  6    Str: 13    XL:     9   Next: 59%
Magic:  0/10       EV: 11    Int: 11    God:    Uskayaw [***...]
Gold:   392        SH:  0    Dex: 23    Spells: 8/8 levels left

rFire   . . .      SeeInvis +    l - +2 dagger (flame)
rCold   . . .      Faith    +    (no shield)
rNeg    . . .      Spirit   +    J - +0 leather armour of Xaqobeuz {Regen+ Dex+2 SInv}
rPois   .          Reflect  .    (no helmet)
rElec   .          Rampage  .    M - +1 cloak {rCorr}
rCorr   +                        x - +0 pair of gloves
Will    +....                    (no boots)
Stlth   +++++                    q - amulet of faith {!P}
HPRegen 1.88/turn                (no ring)
MPRegen 0.12/turn                (no ring)

@: no status effects
A: fangs 3, regeneration 1, magic shield, antimagic bite, no potion heal 2
a: Renounce Religion, Stomp, Line Pass


You were in a bailey.
You worshipped Uskayaw.
Uskayaw was noncommittal.
You visited 2 branches of the dungeon, and saw 8 of its levels.
You also visited: Bailey.

You collected 392 gold pieces.


Innate Abilities, Weirdness & Mutations

You have razor-sharp teeth.
Your natural rate of healing is unusually fast.
When hurt, damage is shared between your health and your magic reserves.
Your bite disrupts and absorbs the magic of your enemies.
Potions cannot restore your health.


   Skills:
 * Level 6.5 Fighting
 * Level 7.9 Short Blades
 - Level 1.7 Throwing
 - Level 0.7 Dodging
 + Level 10.0 Stealth


You had 8 spell levels left.
You didn't know any spells.
Your spell library contained the following spells:

 Spells                   Type           Power      Damage    Failure   Level
 Summon Small Mammal      Summ           0%         N/A       41%         1
 Call Canine Familiar     Summ           0%         N/A       80%         3
 Summon Guardian Golem    Hex/Summ       0%         N/A       80%         3
 Petrify                  Tmut/Erth      0%         N/A       99%         4
 Metabolic Englaciation   Hex/Ice        0%         N/A       100%        5
 Statue Form              Tmut/Erth      0%         N/A       100%        6

Inventory:

Hand Weapons
 a - a +2 dagger
 l - a +2 dagger of flaming (weapon)
 A - a +2 dagger of holy wrath
 D - a +2 dagger of venom
 K - the +2 dagger "Poniunirph" {speed, rPois rN+ Dex+2}
   (You found it on level 5 of the Dungeon)

   Dex:       It affects your dexterity (+2).
   rPois:     It protects you from poison.
   rN:        It protects you from negative energy.
Missiles
 d - 42 poisoned darts (quivered)
 e - 3 curare-tipped darts {=f}
Armour
 b - a +0 robe
 c - a +0 cloak
 r - a +2 robe of willpower
 x - a +0 pair of gloves (worn)
 J - the +0 leather armour of Xaqobeuz (worn) {Regen+ Dex+2 SInv}
   (You found it on level 5 of the Dungeon)

   Dex:       It affects your dexterity (+2).
   SInv:      It lets you see invisible.
   Regen:     It increases your rate of health regeneration.
 M - a +1 cloak of preservation (worn)
Jewellery
 o - an amulet of regeneration
 q - an amulet of faith (around neck) {!P}
 C - a ring of ice
 L - an amulet of the acrobat
Wands
 E - a wand of flame (20)
 I - a wand of iceblast (9)
Scrolls
 g - 3 scrolls of vulnerability {unknown}
 h - 4 scrolls of teleportation {unknown}
 j - 2 scrolls of fog {unknown}
 m - 2 scrolls of immolation {unknown}
 n - 2 scrolls of silence {unknown}
 u - 2 scrolls of enchant armour {unknown}
 y - a scroll of poison {unknown}
 z - 3 scrolls of fear {unknown}
 G - 2 scrolls of magic mapping {unknown}
Potions
 f - 2 potions of flight
 i - 5 potions of curing {@q1}
 p - 2 potions of attraction
 s - 2 potions of magic
 t - 2 potions of heal wounds {@q2}
 v - 2 potions of lignification {unknown}
 w - 4 potions of degeneration {unknown}
 B - a potion of might {unknown}
 F - 3 potions of brilliance {unknown}
 H - a potion of cancellation {unknown}

Dungeon Overview and Level Annotations

Branches:
Dungeon (7/15)             Temple (1/1) D:6          Bailey (1/1)

Altars:
Elyvilon
Hepliaklqana
Kikubaaqudgha
Makhleb
Nemelex Xobeh
Okawaru
Sif Muna
Trog
Uskayaw
Vehumet
Xom
Yredelemnul
Zin
The Shining One

Shops:
D:4 (   D:5 :   D:6 [(

Annotations:
D:2 Sigmund
D:4 1 runed translucent door

▒▒▒▒▒▒▒ ▒▒▒▒▒▒▒▒▒▒
▒▒.....▒▒ ▒▒....))..∩
▒.....o.▒▒▒▒▒▒.....▒))..
.'...▒▒oo▒.)..▒....▒▒▒.).
.'....8o@o....'.....8....
.'...▒▒.o▒....▒....▒▒▒...
▒.......▒▒▒▒▒▒.....▒....
▒▒.....▒▒ ▒▒........∩
▒▒▒▒▒▒▒ ▒▒▒▒▒▒▒▒▒▒


You could see an orc warrior and 5 orcs.


Message History

* * * LOW HITPOINT WARNING * * *
You see here a +0 spear.
You barely miss the orc warrior. Your bite misses the orc warrior.
The orc is no longer paralysed. x5; The orc hits you but does no damage.
The orc warrior hits you but does no damage.
The orc closely misses you. x2
Unknown command.
You barely miss the orc warrior.
Unknown command.
You barely miss the orc warrior. Your bite misses the orc warrior.
The orc closely misses you. The orc barely misses you.
The orc hits you with a +0 spear. The orc warrior closely misses you.
The orc hits you with a +0 halberd!
* * * LOW HITPOINT WARNING * * *
The orc closely misses you.
Unknown command.
You hit the orc warrior but do no damage.
Your bite misses the orc warrior. The orc hits you with a +0 trident!
* * * LOW HITPOINT WARNING * * *
The orc hits you but does no damage. The orc hits you with a +0 spear.
* * * LOW HITPOINT WARNING * * *
The orc warrior hits you with a +0 trident!
* * * LOW HITPOINT WARNING * * *
The orc barely misses you. The orc hits you but does no damage.
Okay, then.
Okay, then.
Okay, then.
Unknown command.
The orc attacks as you move away! The orc hits you with a +0 war axe.
You die...

Skill      XL: |  1  2  3  4  5  6  7  8  9 |
---------------+----------------------------+-----
Short Blades   | 2 3 4 6 7 |  7.9
Stealth        | 5 6 7 9 10 | 10.0
Fighting       | 2 3 4 5 6 |  6.5
Throwing       | |  1.7
Dodging        | |  0.7

Action                     |  1- 3 |  4- 6 |  7- 9 || total
---------------------------+-------+-------+-------++-------
  Melee: Dagger            |    66 |    96 |   343 ||   505
         Bite              |    10 |    24 |   122 ||   156
         Punch             |       |     2 |     1 ||     3
  Throw: Dart              |     1 |       |     3 ||     4
    Use: Scroll            |       |       |     5 ||     5
   Stab: Sleeping          |    10 |    17 |    33 ||    60
         Paralysed         |       |       |    10 ||    10
 Armour: Robe              |    17 |    34 |    13 ||    64
         Leather armour    |       |       |    51 ||    51
  Dodge: Dodged            |    24 |    55 |   135 ||   214

Levels and vault maps discovered:
D:1:      kennysheep_arrival_forest, layout_basic
D:2:      layout_basic, basic_altar, amcnicky_mini_rare_corridor_liquid,
          minmay_octomino_j4, uniq_sigmund, uniq_jessica
D:3:      layout_basic, nicolae_overflow_quartered_altars, serial_aquarium,
          aquarium_bridge_island_small [aquarium_subvault_small_water,
          aquarium_subvault_bridge, aquarium_subvault_wall,
          aquarium_subvault_bridge, aquarium_subvault_bridge],
          aquarium_bridge_straight [aquarium_subvault_bridge,
          aquarium_subvault_window, aquarium_subvault_bridge,
          aquarium_subvault_wall], aquarium_window_fake, aquarium_window_1,
          aquarium_view_2c, aquarium_view_2c, aquarium_balcony_1a,
          minmay_misc_feat_cross
D:4:      layout_layer_cave, dk_yredelemnul_ordeal, serial_shops,
          nicolae_shop_statue_plus, uniq_eustachio
D:5:      corexii_shantytown, layout_loops_ring, serial_shops, shop
D:6:      layout_rooms, temple_hall, serial_shops,
          nicolae_shop_bloodbath_and_beyond, nicolae_shop_waterfront,
          grunt_ministairs_1, uniq_crazy_yiuf_cottage, uniq_menkaure,
          uniq_duvessa
D:7:      layout_loops_cross, enter_bailey_3
Temple:   hellmonk_temple_forest_ring
Bailey:   bailey_polearm_5, bailey

Notes
Turn   | Place    | Note
-------+----------+-------------------------------------------
     0 | D:1      | Jackthecabe the Vine Stalker Brigand began the quest for
                  | the Orb.
     0 | D:1      | Reached XP level 1. HP: 11/11 MP: 2/2
    74 | D:1      | Reached skill level 2 in Short Blades
   101 | D:1      | HP: 1/11 [jackal (1)]
   102 | D:1      | Reached skill level 5 in Stealth
   102 | D:1      | Reached XP level 2. HP: 2/15 MP: 1/3
   106 | D:1      | Reached skill level 2 in Fighting
   487 | D:1      | Reached XP level 3. HP: 18/18 MP: 4/4
   798 | D:2      | Found a glowing golden altar of the Shining One.
   821 | D:2      | Noticed Sigmund
  1185 | D:2      | Noticed Jessica
  1213 | D:2      | Killed Jessica
  1214 | D:2      | Reached skill level 3 in Short Blades
  1214 | D:2      | Gained mutation: Your natural rate of healing is unusually
                  | fast. [Vine Stalker growth]
  1214 | D:2      | Reached XP level 4. HP: 22/23 MP: 5/5
  1880 | D:3      | Found an ancient bone altar of Kikubaaqudgha.
  1961 | D:3      | Found a burning altar of Makhleb.
  2039 | D:3      | Found a white marble altar of Elyvilon.
  2050 | D:3      | Found a hazy altar of Hepliaklqana.
  2208 | D:3      | Noticed a centaur
  2223 | D:3      | Killed a centaur
  2224 | D:3      | Reached XP level 5. HP: 28/28 MP: 4/6
  2564 | D:4      | Reached skill level 3 in Fighting
  2564 | D:4      | Reached skill level 4 in Short Blades
  2564 | D:4      | Reached skill level 6 in Stealth
  2609 | D:4      | Reached XP level 6. HP: 13/32 MP: 1/7
  2756 | D:4      | Noticed a water moccasin
  2765 | D:4      | Found a runed translucent door.
  2765 | D:4      | Noticed a human
  2769 | D:4      | Killed a water moccasin
  2770 | D:4      | Found a basalt altar of Yredelemnul.
  3003 | D:4      | Reached XP level 7. HP: 36/36 MP: 8/8
  3098 | D:4      | Found Avveca Nete's Weapon Shop.
  3103 | D:4      | Noticed Eustachio
  3139 | D:4      | Killed Eustachio
  3140 | D:4      | Reached skill level 5 in Short Blades
  3323 | D:4      | Reached skill level 7 in Stealth
  3620 | D:5      | Entered Level 5 of the Dungeon
  3627 | D:5      | Noticed a troll
  3640 | D:5      | Killed a troll
  3641 | D:5      | Reached skill level 4 in Fighting
  3641 | D:5      | Reached skill level 6 in Short Blades
  3713 | D:5      | Gained mutation: You have razor-sharp teeth. [Vine Stalker
                  | growth]
  3713 | D:5      | Reached XP level 8. HP: 29/42 MP: 6/9
  3801 | D:5      | Reached skill level 8 in Stealth
  4134 | D:5      | Found Qewkilerr's Book Boutique.
  4140 | D:5      | Identified the +0 leather armour of Xaqobeuz {Regen+ Dex+2
                  | SInv}
  4426 | D:5      | Identified the +2 dagger "Poniunirph" {speed, rPois rN+
                  | Dex+2}
  4633 | D:6      | Noticed Duvessa
  4634 | D:6      | Noticed Dowan
  4654 | D:6      | Killed Duvessa
  4660 | D:6      | Killed Dowan
  4661 | D:6      | Reached skill level 9 in Stealth
  4746 | D:6      | Reached skill level 5 in Fighting
  4773 | D:6      | Found Beufy's Weapon Shoppe.
  4910 | D:6      | Found a runed translucent door.
  4911 | D:6      | Noticed Crazy Yiuf
  4980 | D:6      | Found a staircase to the Ecumenical Temple.
  5029 | Temple   | Entered the Ecumenical Temple
  5199 | Temple   | Became a worshipper of Uskayaw the Reveller
  5235 | D:6      | Found Hihaf's Antique Armour Shoppe.
  5240 | D:6      | Reached * piety under Uskayaw
  5285 | D:6      | Noticed Menkaure
  5293 | D:6      | Reached ** piety under Uskayaw
  5294 | D:6      | Killed Menkaure
  5295 | D:6      | Reached skill level 7 in Short Blades
  5295 | D:6      | Reached XP level 9. HP: 38/47 MP: 8/10
  5308 | D:6      | Reached *** piety under Uskayaw
  5401 | D:6      | Killed Crazy Yiuf
  5591 | D:7      | Reached **** piety under Uskayaw
  5654 | D:7      | Reached skill level 6 in Fighting
  5833 | D:7      | Reached ***** piety under Uskayaw
  5847 | D:7      | Found a flagged portal.
  5871 | Bailey   | Entered a bailey
  5959 | Bailey   | Reached skill level 10 in Stealth
  5963 | Bailey   | HP: 1/49 [orc warrior/+0 trident (8)]
  5964 | Bailey   | Slain by an orc

Vanquished Creatures
  A troll (D:5)
  Eustachio (D:4)
  Menkaure (D:6)
  Duvessa (D:6)
  3 water moccasins
  An orc warrior (Bailey)
  A sky beast (D:7)
  A black bear (D:6)
  2 centaurs
  A kobold brigand (D:7)
  2 scorpions
  Dowan (D:6)
  6 killer bees (D:7)
  3 jellies
  Crazy Yiuf (D:6)
  2 hounds
  An orc priest (D:7)
  Jessica (D:2)
  4 iguanas
  4 sleepcaps
  2 orc wizards (D:7)
  3 gnolls (D:5)
  11 adders
  A worm (D:2)
  2 dart slugs
  35 orcs
  6 endoplasms
  A giant cockroach (D:3)
  11 goblins
  12 hobgoblins
  8 jackals
  4 quokkas
  4 ball pythons
  4 bats
  4 frilled lizards
  17 kobolds
  A kobold skeleton (D:4)
  9 rats
173 creatures vanquished.

Table legend: (Time is in decaauts)
 A = Elapsed time spent in this place.
 B = Non-inter-level travel time spent in this place.
 C = Inter-level travel time spent in this place.
 D = Time resting spent in this place.
 E = Time spent auto-exploring this place.
 F = Levels seen in this place.
 G = Mean time per level.
                   A        B        C        D        E       F      G
               +--------+--------+--------+--------+--------+-----+--------+
         Total |   5809 |   5465 |    344 |     69 |   3991 |   9 |  645.4 |
       Dungeon |   5544 |   5236 |    308 |     69 |   3827 |   7 |  792.0 |
        Temple |    185 |    150 |     35 |      0 |    141 |   1 |  185.0 |
        Bailey |     79 |     79 |      0 |      0 |     23 |   1 |   79.0 |
               +--------+--------+--------+--------+--------+-----+--------+

Top non-repeatable levels by time:
     D:4: 1105 daAuts
     D:2: 964 daAuts
     D:5: 850 daAuts
     D:1: 791 daAuts
     D:3: 780 daAuts
     D:6: 669 daAuts
     D:7: 381 daAuts
  Temple: 185 daAuts
  Bailey: 79 daAuts

Table legend:
 A = Non-vault XP
 B = Vault XP
 C = Vault XP percentage of total XP
 D = Non-vault monster count
 E = Vault monster count
 F = Vault count percentage of total count
                 A         B        C        D         E       F
            +---------+---------+-------+---------+---------+-------
      Total |    2521 |    1188 |  32.0 |     121 |      52 |  30.1
            +---------+---------+-------+---------+---------+-------
        D:1 |      36 |       0 |   0.0 |      24 |       0 |   0.0
        D:2 |      26 |      52 |  66.7 |       6 |       4 |  40.0
        D:3 |     146 |       0 |   0.0 |      15 |       0 |   0.0
        D:4 |     403 |     209 |  34.2 |      22 |       2 |   8.3
        D:5 |     459 |      90 |  16.4 |       7 |      25 |  78.1
        D:6 |     444 |     658 |  59.7 |      14 |       6 |  30.0
        D:7 |    1007 |       8 |   0.8 |      33 |       4 |  10.8
     Bailey |       0 |     171 | 100.0 |       0 |      11 | 100.0
            +---------+---------+-------+---------+---------+-------
